 Dungeon Crawl Stone Soup version 0.29.1-2-gbd0b4ee654 (webtiles) character file.

Game seed: 3897553901554147414

12396 GorkyZ the Fighter (level 11, -4/97 HPs)
             Began as a Demonspawn Gladiator on Nov 20, 2022.
             Was an Initiate of Gozag.
             Slain by a six-headed hydra (8 damage)
             ... on level 1 of the Lair of Beasts.
             The game lasted 00:46:06 (10495 turns).

GorkyZ the Fighter (Demonspawn Gladiator)          Turns: 10495, Time: 00:46:08

Health: -4/97      AC: 28    Str: 22    XL:     11   Next: 61%
Magic:  11/11      EV:  5    Int:  8    God:    Gozag
Gold:   1686       SH:  0    Dex: 15    Spells: 10/10 levels left

rFire   . . .      SeeInvis .   D - +0 halberd (vamp)
rCold   . . .      Faith    .   (shield currently unavailable)
rNeg    . . .      Spirit   .   o - +0 crystal plate armour
rPois   .          Reflect  .   (helmet restricted)
rElec   .          Harm     .   (no cloak)
rCorr   .          Rampage  .   w - +0 pair of gloves
Will    .....                   q - +0 pair of boots
Stlth   ..........              j - amulet of regeneration
HPRegen 1.06/turn               g - +4 ring of protection
MPRegen 0.12/turn               G - ring of wizardry

@: mighty, gold aura
A: horns 2, slimy green scales 1, foul stench 2, demonic magic 1, robust 1,
shaggy fur 1, strong 1
a: Renounce Religion, Potion Petition, Call Merchant, Bribe Branch


You were on level 1 of the Lair of Beasts.
You worshipped Gozag.
Gozag was most pleased with you.
You visited 3 branches of the dungeon, and saw 13 of its levels.

You collected 3689 gold pieces.
You spent 851 gold pieces at shops.
You paid 1152 gold pieces to Gozag.

Inventory:

Hand Weapons
 a - a +0 spectral trident
 D - a +0 vampiric halberd (weapon)
 M - a +2 halberd of venom
 O - a +0 lajatang of venom
Missiles
 d - 2 throwing nets (quivered)
 e - a javelin
 k - 4 datura-tipped darts
 p - 45 poisoned darts
 K - 2 silver javelins
Armour
 b - a +0 leather armour
 c - a +0 helmet
 o - a +0 crystal plate armour (worn)
 q - a +0 pair of boots (worn)
 w - a +0 pair of gloves (worn)
 R - the +1 buckler "Zicveur" {Slay+3}
   (You found it on level 10 of the Dungeon)

   Slay:      It affects your accuracy & damage with ranged weapons and melee
   (+3).
Jewellery
 g - a +4 ring of protection (left hand)
 j - an amulet of regeneration (around neck)
 s - a ring of magical power
 v - a ring of flight
 y - a ring of resist corrosion
 B - a +6 ring of dexterity
 G - a ring of wizardry (right hand)
 H - a ring of magical power
 I - an amulet of magic regeneration
 Q - a +4 ring of evasion
 S - a ring of wizardry
Wands
 f - a wand of mindburst (1)
 h - a wand of polymorph (8)
 l - a wand of acid (7)
 r - a wand of flame (26)
 L - a wand of charming (8)
Scrolls
 i - 2 scrolls of silence
 m - a scroll of magic mapping
 n - 2 scrolls of poison
 t - a scroll of teleportation
 J - a scroll of noise
 N - a scroll of fog
 P - 2 scrolls of identify
Potions
 u - 3 potions of degeneration
 x - 3 potions of flight
 A - 2 potions of curing
 C - a potion of haste {unknown}
 F - a potion of heal wounds


   Skills:
 + Level 9.3 Fighting
 + Level 8.8 Polearms
 + Level 8.5 Throwing
 + Level 8.1 Armour
 - Level 3.0 Dodging
 + Level 4.7 Evocations


You had 10 spell levels left.
You didn't know any spells.
Your spell library contained the following spells:

 Spells                   Type           Power      Damage    Failure   Level
 Apportation              Tloc           0%         N/A       100%        1
 Necrotise                Necr           0%         1d4       100%        1
 Summon Small Mammal      Summ           0%         N/A       100%        1
 Ensorcelled Hibernation  Hex/Ice        0%         N/A       100%        2
 Passwall                 Tmut/Erth      0%         N/A       100%        2
 Dazzling Flash           Conj/Hex       0%         N/A       100%        3
 Swiftness                Air            0%         N/A       100%        3
 Anguish                  Hex/Necr       0%         N/A       100%        4
 Iskenderun's Mystic Bla  Conj/Tloc      0%         2d3       100%        4
 Starburst                Conj/Fire      0%         6d3       100%        6
 Enfeeble                 Hex            0%         N/A       100%        7


Dungeon Overview and Level Annotations

Branches:
Dungeon (11/15)            Temple (1/1) D:5            Lair (1/5) D:8
    Orc: D:9-12

Altars:
Dithmenos
Gozag
Kikubaaqudgha
Nemelex Xobeh
Okawaru
Ru
Sif Muna
Trog
Vehumet

Shops:
D:1 !   D:7 =   D:10 *   Lair:1 *


Innate Abilities, Weirdness & Mutations

You have a pair of horns on your head.
You are partially covered in slimy green scales. (AC +2)
You sometimes emit foul miasma when damaged in melee.
Spells you cast may paralyse adjacent enemies.
You are robust. (+10% HP)
You are covered in fur. (AC +1)
Your muscles are strong. (Str +4, Int/Dex -1)


Message History

The six-headed hydra barely misses you.
You closely miss the wolf. You headbutt the wolf.
The wolf is severely wounded.
The wolf bites you but does no damage.
The six-headed hydra bites you but does no damage.
The six-headed hydra bites you! x2
* * * LOW HITPOINT WARNING * * *
The six-headed hydra completely misses you.
The six-headed hydra bites you.
* * * LOW HITPOINT WARNING * * *
You emit a cloud of foul miasma!
The six-headed hydra bites you but does no damage.
The wolf bites you but does no damage.
You slash the wolf!
You kill the wolf!
The wolf bites you.
* * * LOW HITPOINT WARNING * * *
The six-headed hydra is engulfed in dark miasma.
The six-headed hydra bites you but does no damage.
The six-headed hydra bites you.
* * * LOW HITPOINT WARNING * * *
The six-headed hydra bites you but does no damage.
The six-headed hydra barely misses you.
The six-headed hydra bites you but does no damage. x2
You closely miss the wolf. The wolf bites you but does no damage.
The six-headed hydra is engulfed in dark miasma.
The six-headed hydra bites you but does no damage. x3
The six-headed hydra bites you.
* * * LOW HITPOINT WARNING * * *
The six-headed hydra bites you!
* * * LOW HITPOINT WARNING * * *
The six-headed hydra bites you but does no damage.
You miss the wolf. The wolf bites you but does no damage. The wolf bites you.
* * * LOW HITPOINT WARNING * * *
The six-headed hydra is engulfed in dark miasma.
The six-headed hydra seems to slow down.
The six-headed hydra bites you but does no damage. x4
The six-headed hydra bites you!
You die...
Your body crumbles into a pile of gold.

#....l######$~
##...## ~~
#...# ♣~
##...# h
###...## ♣
####.#..##
##l...h..#
##.h#Dh.###
#####
##..#@####
#.#.###.#.###
###......### #
###...##..## #
#...#######
###...# $ ~≈≈
P###..## ~P≈
.#####.## #♣
S~≈ ..# ##.##
##~ ~~P


You could see a six-headed hydra (poisoned, slow), a komodo dragon and 3 wolves.

Vanquished Creatures
  2 boulder beetles
  A two-headed ogre (D:10)
  Pikel (D:7)
  A cane toad (Lair:1)
  3 komodo dragons (D:8)
  2 water elementals (D:10)
  A wraith (D:9)
  A wyvern (D:8)
  22 yaks
  2 steam dragons
  An acid dragon (D:8)
  3 water moccasins
  3 black bears
  An ice beast (D:8)
  4 orc warriors
  The ghost of semem the Chiller, an amateur FeIE (D:3)
  6 ogres
  A wolf (Lair:1)
  6 centaurs
  A lemure (D:7)
  A phantom (D:5)
  7 kobold brigands
  4 bullfrogs
  2 necrophages
  2 scorpions
  5 wights
  2 gnoll sergeants
  7 howler monkeys
  An electric eel (Lair:1)
  A crimson imp (D:6)
  3 hounds
  2 jellies (D:7)
  A gnoll bouda (D:8)
  4 orc priests
  2 iguanas
  10 orc wizards
  4 adders
  11 gnolls
  3 white imps
  An ufetubus (D:5)
  A worm (D:2)
  A dart slug (D:3)
  74 orcs
  7 bats
  10 endoplasms
  7 giant cockroaches
  7 goblins
  7 hobgoblins
  9 jackals
  33 kobolds
  2 quokkas
  5 ball pythons
  2 frilled lizards
  A hobgoblin zombie (D:6)
  3 kobold skeletons (D:6)
  2 kobold zombies (D:6)
  An orc skeleton (D:6)
  16 rats
324 creatures vanquished.

Vanquished Creatures (others)
  2 fungi (Lair:1)
  41 plants (Lair:1)
43 creatures vanquished.

Grand Total: 367 creatures vanquished

Notes
Turn   | Place    | Note
-------+----------+-------------------------------------------
     0 | D:1      | GorkyZ the Demonspawn Gladiator began the quest for the
                  | Orb.
     0 | D:1      | Reached XP level 1. HP: 16/16 MP: 1/1
    41 | D:1      | Found Qoluz's Distillery.
    59 | D:1      | You fall into a shaft and drop 1 floor!
    80 | D:2      | Found a sacrificial altar of Ru.
   189 | D:2      | Gained mutation: You may rarely emit foul miasma when
                  | damaged in melee. [demonic ancestry]
   189 | D:2      | Reached XP level 2. HP: 22/22 MP: 2/2
   548 | D:2      | Found a faded altar of an unknown god.
   745 | D:1      | Gained mutation: You are partially covered in slimy green
                  | scales. (AC +2) [demonic ancestry]
   745 | D:1      | Reached XP level 3. HP: 28/28 MP: 3/3
  1363 | D:1      | Bought a potion of degeneration for 14 gold pieces
  1806 | D:3      | Identified a scroll of acquirement
  1806 | D:3      | Acquired a +4 ring of protection
  1990 | D:3      | Found a transporter.
  1995 | D:3      | Noticed semem's ghost (amateur FeIE)
  1995 | D:3      | Noticed an ogre
  1996 | D:3      | Noticed an ogre
  2107 | D:3      | Found a transporter.
  2115 | D:3      | Gained mutation: You sometimes emit foul miasma when
                  | damaged in melee. [demonic ancestry]
  2115 | D:3      | Reached XP level 4. HP: 34/34 MP: 4/4
  2130 | D:3      | Reached skill level 1 in Armour
  2134 | D:3      | Reached skill level 3 in Fighting
  2748 | D:4      | Gained mutation: You have a pair of small horns on your
                  | head. [demonic ancestry]
  2748 | D:4      | Reached XP level 5. HP: 41/41 MP: 5/5
  3005 | D:4      | Reached XP level 6. HP: 47/47 MP: 6/6
  3476 | D:5      | Entered Level 5 of the Dungeon
  3516 | D:5      | Found a shimmering blue altar of Sif Muna.
  3563 | D:5      | Noticed a yak
  3563 | D:5      | Noticed a yak
  3576 | D:5      | Noticed a yak
  3578 | D:5      | Killed a yak
  3579 | D:5      | Reached skill level 4 in Fighting
  3579 | D:5      | Gained mutation: You have a pair of horns on your head.
                  | [demonic ancestry]
  3579 | D:5      | Reached XP level 7. HP: 34/54 MP: 7/7
  3581 | D:5      | Killed a yak
  3581 | D:5      | Noticed a yak
  3583 | D:5      | Noticed a yak
  3588 | D:5      | Killed a yak
  3591 | D:5      | Killed a yak
  3592 | D:5      | Reached skill level 5 in Polearms
  3592 | D:5      | Reached XP level 8. HP: 34/61 MP: 8/8
  3593 | D:5      | Reached skill level 5 in Fighting
  3872 | D:5      | Found a staircase to the Ecumenical Temple.
  3884 | Temple   | Entered the Ecumenical Temple
  3894 | Temple   | Became a worshipper of Gozag Ym Sagoz the Greedy
  3938 | D:5      | Reached skill level 5 in Throwing
  4504 | D:5      | Gained mutation: Your mind is acute. (Int +4, Str/Dex -1)
                  | [potion of mutation]
  4504 | D:5      | Gained mutation: You are clumsy. (Dex -2) [potion of
                  | mutation]
  4568 | D:6      | Reached skill level 6 in Fighting
  4838 | D:6      | Reached skill level 5 in Armour
  4838 | D:6      | Reached XP level 9. HP: 69/69 MP: 9/9
  5116 | D:6      | Reached skill level 7 in Fighting
  5809 | D:7      | Noticed Pikel
  5819 | D:7      | Killed Pikel
  5820 | D:7      | Gained mutation: Spells you cast may paralyse adjacent
                  | enemies. [demonic ancestry]
  5820 | D:7      | Reached XP level 10. HP: 40/79 MP: 10/10
  6137 | D:7      | Found Qesus's Jewellery Shop.
  6145 | D:7      | Bought an amulet of regeneration for 330 gold pieces
  6173 | D:7      | Lost mutation: You are clumsy. (Dex -2) [potion of
                  | mutation]
  6173 | D:7      | Lost mutation: Your mind is acute. (Int +4, Str/Dex -1)
                  | [potion of mutation]
  6173 | D:7      | Gained mutation: You sometimes lose your temper in combat.
                  | [potion of mutation]
  6173 | D:7      | Gained mutation: Armour fits poorly on your strangely
                  | shaped body. [potion of mutation]
  6889 | D:3      | Killed semem's ghost
  6902 | D:3      | Lost mutation: You sometimes lose your temper in combat.
                  | [potion of mutation]
  6902 | D:3      | Lost mutation: Armour fits poorly on your strangely shaped
                  | body. [potion of mutation]
  6902 | D:3      | Gained mutation: Your muscles are strong. (Str +4, Int/Dex
                  | -1) [potion of mutation]
  6902 | D:3      | Gained mutation: You are covered in fur. (AC +1) [potion of
                  | mutation]
  6902 | D:3      | Gained mutation: You are robust. (+10% HP) [potion of
                  | mutation]
  7039 | D:7      | Bought a ring of wizardry for 330 gold pieces
  7555 | D:8      | Reached skill level 1 in Evocations
  7557 | D:8      | Reached skill level 8 in Fighting
  8076 | D:8      | Found a staircase to the Lair.
  8437 | D:9      | Found a shadowy altar of Dithmenos.
  8474 | D:9      | Reached XP level 11. HP: 93/95 MP: 11/11
  8635 | D:9      | Noticed a boulder beetle
  8647 | D:9      | Killed a boulder beetle
  9126 | D:10     | Entered Level 10 of the Dungeon
  9172 | D:10     | Noticed a boulder beetle
  9188 | D:10     | Killed a boulder beetle
  9251 | D:10     | Reached skill level 9 in Fighting
  9355 | D:10     | Identified the +1 buckler "Zicveur" {Slay+3}
  9770 | D:10     | Acquired 1297 gold pieces
  9847 | D:11     | Noticed a two-headed ogre
  9968 | D:10     | Killed a two-headed ogre
 10062 | D:10     | Bought 2 silver javelins for 62 gold pieces
 10223 | Lair:1   | Entered Level 1 of the Lair of Beasts
 10223 | Lair:1   | Noticed a five-headed hydra
 10337 | Lair:1   | Bought a wand of flame (11) for 115 gold pieces
 10495 | Lair:1   | HP: 4/97 [wolf (3)]
 10495 | Lair:1   | Slain by a six-headed hydra

Illustrated notes

Levels and vault maps discovered:
D:1:      tarquinn_simple_flora_water_e, layout_loops_ring, serial_shops, shop,
          grunt_decor_junction, minmay_rat_gold_closets
D:2:      layout_basic, basic_altar, hellmonk_ecumenical_altar_crossroads
D:3:      layout_basic, gammafunk_ghost_smash, minmay_fractal_squares_5
D:4:      wander_river, layout_basic, hex_large
D:5:      layout_basic, mainiacjoe_overflow_24_doors, minmay_temple_entry_hall
D:6:      minmay_angry_zag, layout_rooms, nicolae_tso_besieged_by_evil
D:7:      layout_loops_ring, serial_shops, shop, chequers_serial_rivers_small_3,
          hangedman_minor_gate_pass, uniq_pikel
D:8:      layout_loops_ring, erik_lair_dragon, special_room [special_room_orc],
          minivault_11
D:9:      layout_irregular_city, mainiacjoe_overflow_alcove_4, st_stairs_9,
          minmay_fountain_box
D:10:     layout_roguey [special_room_orc]
D:11:     layout_basic
Temple:   hellmonk_temple_of_storms
Lair:1:   layout_layer_cave, gauntlet_entry_generic, serial_bayou_lake_a

Skill      XL: |  1  2  3  4  5  6  7  8  9 10 11 |
---------------+----------------------------------+-----
Throwing       | 2 3 4 5 6 7 8 |  8.5
Dodging        | 3 |  3.0
Polearms       | 3 4 5 6 7 8 |  8.8
Armour         | 1 2 3 5 6 7 8 |  8.1
Fighting       | 3 4 6 7 8 9 |  9.3
Evocations     | 3 4 |  4.7

Action                   |  1- 3 |  4- 6 |  7- 9 | 10-12 || total
-------------------------+-------+-------+-------+-------++-------
Melee: Trident           |   127 |    72 |   155 |     9 ||   363
       Headbutt          |       |     2 |    36 |   101 ||   139
       Punch             |       |       |     2 |       ||     2
       Halberd           |       |       |       |   374 ||   374
       Lajatang          |       |       |       |   137 ||   137
Throw: Throwing net      |       |       |     3 |     1 ||     4
Invok: Call Merchant     |       |       |       |     2 ||     2
  Use: Scroll            |     8 |     2 |     3 |     7 ||    20
       Potion            |     3 |     2 |     2 |     9 ||    16
 Stab: Sleeping          |     5 |       |       |       ||     5
       Distracted        |       |       |     1 |     8 ||     9
Armor: Leather armour    |    17 |       |       |       ||    17
       Crystal plate arm |    62 |    46 |    87 |   465 ||   660
Dodge: Dodged            |    45 |     1 |     7 |   139 ||   192
